 Dungeon Crawl Stone Soup version 0.28.0-45-g0d030f2227 (webtiles) character file.

Game seed: 14465359668182724775

74 sking99 the Sneak (level 4, 0/32 (34) HPs)
             Began as a Demonspawn Brigand on May 18, 2022.
             Slain by an orc
             ... wielding a +0 hand axe
              (4 damage)
             ... on level 4 of the Dungeon.
             The game lasted 00:05:01 (3078 turns).

sking99 the Sneak (Demonspawn Brigand)              Turns: 3078, Time: 00:05:01

HP:   0/32 (34)     AC:  3    Str: 14    XL:     4   Next: 10%
MP:   4/4           EV: 11    Int: 12    God:
Gold: 123           SH:  4    Dex: 14    Spells: 3/3 levels left

rFire   . . .      SeeInvis .   a - +3 dagger
rCold   . . .      Faith    .   (no shield)
rNeg    . . .      Spirit   .   b - +0 robe
rPois   .          Reflect  .   (helmet restricted)
rElec   .          Harm     .   c - +0 cloak
rCorr   +          Rampage  .   (no gloves)
Will    .....                   (no boots)
Stlth   ++........              l - amulet of magic regeneration
HPRegen 0.10/turn               o - ring of resist corrosion
MPRegen 0.49/turn               (no ring)

@: drained
A: horns 1, large bone plates 1
a: no special abilities


You were on level 4 of the Dungeon.
You visited 1 branch of the dungeon, and saw 4 of its levels.

You collected 123 gold pieces.

Inventory:

Hand Weapons
 a - a +3 dagger (weapon)
Missiles
 d - 9 poisoned darts (quivered)
 e - a curare-tipped dart
Armour
 b - a +0 robe (worn)
 c - a +0 cloak (worn)
Jewellery
 l - an amulet of magic regeneration (around neck)
 o - a ring of resist corrosion (left hand)
Scrolls
 f - a scroll of enchant armour {unknown}
 k - a scroll of fog {unknown}
Potions
 g - a potion of heal wounds {unknown}
 h - a potion of magic {unknown}
 i - 2 potions of curing
 j - a potion of lignification
 m - a potion of brilliance {unknown}
 n - a potion of berserk rage {unknown}


   Skills:
 + Level 2.7 Fighting
 * Level 3.0 Short Blades
 + Level 2.4 Throwing
 - Level 0.8 Dodging
 + Level 3.7 Stealth


You had 3 spell levels left.
You didn't know any spells.
Your spell library contained the following spells:

 Spells                   Type           Power      Damage    Failure   Level
 Shock                    Conj/Air       0%         1d3       32%         1
 Flame Wave               Conj/Fire      0%         2d4       97%         4
 Starburst                Conj/Fire      0%         6d3       100%        6
 Fire Storm               Conj/Fire      0%         5d1       100%        9


Dungeon Overview and Level Annotations

Branches:
Dungeon (4/15)
 Temple: D:4-7

Altars:

Annotations:
D:3 2 transporters


Innate Abilities, Weirdness & Mutations

You have a pair of small horns on your head.
You are partially covered in large bone plates. (SH +4)


Message History

The wight misses you.
You hit the wight but do no damage. The wight hits you with a +0 mace.
You hit the wight but do no damage. The wight barely misses you.
You hit the wight.
The wight is lightly damaged.
The wight hits you with a +0 mace!
You hit the wight.
The wight is moderately damaged.
The wight hits you with a +0 mace.
You hit the wight but do no damage.
The wight is moderately damaged.
You hit the wight.
The wight is heavily damaged.
The wight hits you with a +0 mace!
* * * LOW HITPOINT WARNING * * *
You feel drained.
* * * LOW HITPOINT WARNING * * *
2 wights come into view.
The wight moves out of view.
You see here a +0 club.
The wight hits you with a +4 flail.
* * * LOW HITPOINT WARNING * * *
You see here an inky potion.
You see here a scroll labelled AHUKHI OPPUAGY.
The orc wizard shouts!
You hear a shout! x2
An orc comes into view. It is wielding a +0 mace.
Found 17 stones.
The orc shouts! x2
The orc wizard points at you and mumbles some strange words.
You resist with some effort. The wight hits you with a +4 flail.
* * * LOW HITPOINT WARNING * * *
There is a stone staircase leading down here.
Unknown command.
Unknown command.
The wight barely misses you.
The orc wizard gestures at you while chanting.
You resist with some effort.
There is a stone staircase leading down here.
The orc hits you with a +0 hand axe.
You die...

# ##..........#
#.#.........#.#
#.#...(.....#.#
#....<......#.#
###...).......#
#........#..#
#######........#..#
........###.#.##..#
.......@....#.##..#
######oz##..#.##..#
#.o##........#
.######.z##.##.##.##
.......oz##.##.##.#
..../..........##.######
.###...>.......#.....!..#
#(#.........)#.#####.#
#.##..##!####.##


You could see 3 wights, an orc wizard and 2 orcs.

Vanquished Creatures
  2 adders
  A dart slug (D:1)
  An orc (D:4)
  8 endoplasms
  A giant cockroach (D:1)
  5 hobgoblins
  6 jackals
  A kobold (D:3)
  3 quokkas
  2 ball pythons (D:3)
  A bat (D:1)
  8 frilled lizards
  6 goblins
  5 rats
50 creatures vanquished.

Notes
Turn   | Place    | Note
-------+----------+-------------------------------------------
     0 | D:1      | sking99 the Demonspawn Brigand began the quest for the Orb.
     0 | D:1      | Reached XP level 1. HP: 16/16 MP: 1/1
   297 | D:1      | Gained mutation: You are partially covered in large bone
                  | plates. (SH +4) [demonic ancestry]
   297 | D:1      | Reached XP level 2. HP: 22/22 MP: 2/2
  1035 | D:2      | Gained mutation: You have a pair of small horns on your
                  | head. [demonic ancestry]
  1035 | D:2      | Reached XP level 3. HP: 28/28 MP: 3/3
  1254 | D:2      | Found a faded altar of an unknown god.
  2366 | D:3      | Found a transporter.
  2606 | D:3      | Found a transporter.
  2919 | D:3      | Reached XP level 4. HP: 34/34 MP: 4/4
  2959 | D:4      | Got the Tome of Fire and Air
  3078 | D:4      | Slain by an orc

Illustrated notes

Levels and vault maps discovered:
D:1:      ncdulo_wetmaze, layout_rooms, nicolae_concentric_dashed_squares_wild,
          chequers_mini_garden
D:2:      layout_basic, serial_glass, glass_columns_a, glass_columns_b,
          ebering_ecumenical_altar_ruins, minmay_lizard_pond
D:3:      gammafunk_steamed_eel, layout_loops_cross, kennysheep_boxes
D:4:      layout_loops_ring, lightli_temple_of_fire, ebering_ghost_sewer_f

Skill      XL: |  1  2  3 |
---------------+----------+-----
Short Blades   | 2 3 |  3.0
Throwing       | 2 |  2.4
Fighting       | |  2.7
Dodging        | |  0.8
Stealth        | |  3.7

Action                   |  1- 3 |  4- 6 || total
-------------------------+-------+-------++-------
Melee: Dagger            |   119 |    23 ||   142
       Headbutt          |    10 |     1 ||    11
Throw: Dart              |     7 |       ||     7
  Use: Scroll            |       |     3 ||     3
 Stab: Sleeping          |     7 |       ||     7
Armor: Robe              |    14 |     2 ||    16
Dodge: Dodged            |    59 |    11 ||    70
Block: Other             |    14 |       ||    14
